 Dungeon Crawl Stone Soup version 0.19.1 (console) character file.

660 cribozai the Conjurer (level 7, -3/36 HPs)
             Began as a Deep Elf Conjurer on Dec 11, 2016.
             Was an Initiate of Ru.
             Slain by Prince Ribbit (18 damage)
             ... on level 5 of the Dungeon.
             The game lasted 00:17:56 (4224 turns).

cribozai the Conjurer (Deep Elf Conjurer)           Turns: 4224, Time: 00:17:56

Health: -3/36      AC:  4    Str:  5    XL:     7   Next: 30%
Magic:  10/17      EV: 15    Int: 22    God:    Ru [......]
Gold:   215        SH:  0    Dex: 15    Spells: 5 memorised, 0 levels left

rFire  . . .     SeeInvis .     (no weapon)
rCold  . . .     Gourm    .     a - +0 robe
rNeg   . . .     Faith    .     (no shield)
rPois  .         Spirit   .     (no helmet)
rElec  .         Reflect  .     f - +0 cloak
rCorr  +         Harm     .     x - +0 pair of gloves
MR     .....                    (no boots)
Stlth  ++........               k - amulet of magic regeneration
                                (no ring)
                                g - ring of resist corrosion

@: no status effects
A: no striking features
a: Renounce Religion


You were on level 5 of the Dungeon.
You worshipped Ru.
Ru was noncommittal.
You were not hungry.

You visited 2 branches of the dungeon, and saw 7 of its levels.

You collected 215 gold pieces.

Inventory:

Hand Weapons
 i - a +0 dagger
 C - a cursed -2 short sword
Missiles
 j - 3 curare-tipped needles
 o - 17 poisoned needles
Armour
 a - a +0 robe (worn)
 f - a +0 cloak (worn)
 s - a +1 leather armour of magic resistance
 x - a +0 pair of gloves (worn)
Jewellery
 g - a ring of resist corrosion (left hand)
 k - an amulet of magic regeneration (around neck)
 u - a +3 amulet of reflection {unknown}
 w - an uncursed amulet of guardian spirit {unknown}
 B - an uncursed ring of protection from magic {unknown}
Scrolls
 h - 2 scrolls of amnesia {unknown}
 l - a scroll of fog {unknown}
 m - 3 scrolls of identify {unknown}
 n - a scroll of magic mapping {unknown}
 r - a scroll of fear {unknown}
 y - 2 scrolls of remove curse {unknown}
 A - a scroll of recharging {unknown}
 F - a scroll of enchant weapon {unknown}
 H - a scroll of teleportation {unknown}
Potions
 d - 2 potions of invisibility {unknown}
 e - 2 potions of agility {unknown}
 p - 3 potions of lignification {unknown}
 t - a potion of degeneration {unknown}
 v - a potion of heal wounds {unknown}
 z - a potion of ambrosia {unknown}
 G - a potion of curing {unknown}
 I - 2 potions of haste {unknown}
Books
 b - a book of Conjurations

   Spells                             Type                      Level
   a - Magic Dart                     Conjuration                  1
   b - Searing Ray                    Conjuration                  2
   c - Dazzling Spray                 Conjuration/Hexes            3
   d - Fulminant Prism                Conjuration/Hexes            4
   e - Iskenderun's Mystic Blast      Conjuration                  4
   f - Iskenderun's Battlesphere      Conjuration/Charms           5
Comestibles
 c - 3 bread rations
 q - a slice of pizza
 D - a meat ration
 E - a chunk of flesh


   Skills:
 - Level 5.0 Dodging
 - Level 2.4 Stealth
 + Level 5.8 Spellcasting
 * Level 7.8 Conjurations
 + Level 1.0 Hexes


You couldn't memorise any spells.
You knew the following spells:

 Your Spells              Type           Power        Failure   Level  Hunger
a - Magic Dart            Conj           ####         1%          1    None
b - Dazzling Spray        Conj/Hex       ####..       6%          3    ##.....
c - Iskenderun's Mystic   Conj           #####...     4%          4    ####...
d - Fulminant Prism       Conj/Hex       ####......   17%         4    ####...
e - Iskenderun's Battles  Conj/Chrm      ###.....     63%         5    #####..


Dungeon Overview and Level Annotations

Branches:
Dungeon (6/15)             Temple (1/1) D:4

Altars:
Ashenzari
Cheibriados
Dithmenos
Elyvilon
Gozag
Makhleb
Nemelex Xobeh
Okawaru
Qazlal
Ru
Sif Muna
Trog
Xom
Yredelemnul
The Shining One

Annotations:
D:5 Prince Ribbit


Message History

Confirm with . or Enter, or press ? or * to list all spells.
Aiming: Dazzling Spray
Press: ? - help, Shift-Dir - straight line, f/p - bullfrog
Aim: a bullfrog (heavily wounded, blind, hasn't noticed you)
The spray of energy hits Prince Ribbit.
Prince Ribbit is moderately wounded.
Prince Ribbit is dazzled.
Prince Ribbit hits you! Prince Ribbit closely misses you.
There is a stone staircase leading up here.
The bullfrog is no longer blind.
You climb upwards.
There is a stone staircase leading down here.
Prince Ribbit misses you.
Prince Ribbit hits you but does no damage.
Prince Ribbit misses you.
Prince Ribbit is no longer blind.
Prince Ribbit barely misses you. Prince Ribbit hits you!!
Ouch! That really hurt!
You die...

#.######........###
#.##>..............
#.##...............
#.##.......#....###
#..........##.#....
#####......##.#.###
#.....).####.#.#
#F##########.#.###
#@#...<......#+##.
#.#.###.#####...#.
#.#.........+...#.
#.#####.#####...#.
#.# #.# #...#.
#.#####.# #####.
#.......# ##
#########


You could see Prince Ribbit.

Vanquished Creatures
  The ghost of XO4YCPATb the Ruffian, an amateur DrMo (D:3)
  An ogre (D:5)
  A bullfrog (D:3)
  A scorpion (D:4)
  A howler monkey (D:5)
  A hound (D:5)
  An orc wizard (D:4)
  An iguana (D:4)
  3 worker ants
  11 adders
  An ooze (D:1)
  A worm (D:2)
  A dart slug (D:2)
  A leopard gecko (D:4)
  5 orcs
  7 giant cockroaches
  7 goblins
  10 hobgoblins
  8 jackals
  6 kobolds
  6 bats
  8 frilled lizards
  A leopard gecko skeleton (D:5)
  9 rats
93 creatures vanquished.

Notes
Turn   | Place    | Note
-------+----------+-------------------------------------------
     0 | D:1      | cribozai the Deep Elf Conjurer began the quest for the Orb.
     0 | D:1      | Reached XP level 1. HP: 10/10 MP: 6/6
    90 | D:1      | Reached XP level 2. HP: 15/15 MP: 2/8
   519 | D:1      | Reached XP level 3. HP: 19/19 MP: 1/10
   524 | D:1      | Learned a level 3 spell: Dazzling Spray
   710 | D:2      | Reached skill level 5 in Conjurations
  1166 | D:2      | Reached XP level 4. HP: 24/24 MP: 6/11
  1387 | D:2      | Learned a level 4 spell: Iskenderun's Mystic Blast
  1666 | D:3      | Noticed a bullfrog
  1721 | D:3      | Found an iron altar of Okawaru.
  1782 | D:3      | Killed a bullfrog
  1782 | D:3      | Reached XP level 5. HP: 28/28 MP: 7/13
  2040 | D:3      | Found a faded altar of an unknown god.
  2040 | D:3      | Found a faded altar of an unknown god.
  2047 | D:3      | Found a glowing golden altar of the Shining One.
  2050 | D:3      | Found a faded altar of an unknown god.
  2051 | D:3      | Reached skill level 6 in Conjurations
  2053 | D:3      | Found a faded altar of an unknown god.
  2211 | D:3      | Noticed XO4YCPATb's ghost (amateur DrMo)
  2416 | D:3      | Killed XO4YCPATb's ghost
  2773 | D:4      | Reached XP level 6. HP: 24/32 MP: 6/15
  2853 | D:4      | Found a staircase to the Ecumenical Temple.
  2861 | Temple   | Entered the Ecumenical Temple
  2894 | Temple   | Became a worshipper of Ru the Awakened
  2947 | D:4      | Found a burning altar of Makhleb.
  2963 | D:4      | Found an opulent altar of Gozag.
  3094 | D:4      | Reached skill level 5 in Spellcasting
  3307 | D:4      | Found a bloodstained altar of Trog.
  3442 | D:4      | Reached skill level 7 in Conjurations
  3614 | D:5      | Entered Level 5 of the Dungeon
  3782 | D:5      | Reached XP level 7. HP: 36/36 MP: 4/17
  3965 | D:5      | Reached skill level 5 in Dodging
  3974 | D:5      | Learned a level 4 spell: Fulminant Prism
  3980 | D:5      | Learned a level 5 spell: Iskenderun's Battlesphere
  4108 | D:5      | Reached skill level 1 in Hexes
  4205 | D:6      | Noticed Prince Ribbit
  4224 | D:5      | Slain by Prince Ribbit

Skill      XL: |  1  2  3  4  5  6  7 |
---------------+----------------------+-----
Dodging        | 3 4 5 |  5.0
Conjurations   | 5 6 7 |  7.8
Spellcasting   | 4 5 |  5.8
Hexes          | 1 |  1.0
Stealth        | |  2.4

Action                   |  1- 3 |  4- 6 |  7- 9 || total
-------------------------+-------+-------+-------++-------
Melee: Unarmed           |     2 |       |       ||     2
 Cast: Magic Dart        |   104 |   121 |    25 ||   250
       Dazzling Spray    |       |    17 |     4 ||    21
  Eat: Chunk             |     1 |     8 |     2 ||    11
Armor: Robe              |     3 |     9 |     1 ||    13
Dodge: Dodged            |    25 |    41 |     7 ||    73
